Rankii, chaotic male elven Ranger --------------------------------- ------- #................................| ------ |.....-##############`|.------------.....------------.|# ##.....| |.....|### #|.|.))|...|[%|.....|..|)((|...|.|# # |....| |......# # #|.|...|...|%.|.....-..|(%(|...|.-######-....| -------# ### #|.|..[|...|..|........|...|...|.|### |.<..| # # #|.|.!)|...||--.....-----|--|---.-######.....| # ### #|.-|----|--...................@.|# ---.-- # # |........@r...{......{...@......|# # ## #### |.-|----|--....---|--...........|# # #---------######..|...|...|---.|....|.-----|---.|# # #........| |.|...|...|..-.|....|.|..|....|.|# ## |........######|.|(.(|...|..|.|.._.|.-..|...(|.|# --.------ |.......| #-.|(.(|...|..|.|....|.|..|....|.|######-.......| |......>.######|.------------.------.---------.| |.......| --------- #|...............................| |.......| #--------------------------------- --------- ##############` Rankii the Tenderfoot Experience level: 2 Strength: 15 Dexterity: 9 Constitution: 16 Intelligence: 13 Wisdom: 14 Charisma: 8 Health: 0(18) Energy: 13(13) Def: 18 Gold: 32 Moves: 3952 Dungeon seed: 4M9QyWr-aliFzCEF Game ID: Rankii_1645359946 Your Inventory: Weapons d - an uncursed +1 elven dagger (weapon in hand) e - a blessed +1 elven bow (alternate weapon; not wielded) M - 58 uncursed +2 elven arrows Q - 37 uncursed +0 elven arrows (in quiver) X - an uncursed +0 dagger Armor n - an uncursed +0 dwarvish mithril-coat (being worn) q - an uncursed burnt +2 elven cloak (being worn) r - an uncursed +0 dwarvish iron helm (being worn) y - an uncursed +0 dwarvish roundshield (being worn) A - an uncursed +0 pair of iron shoes (being worn) Scrolls a - an uncursed scroll of light W - an uncursed scroll of enchant weapon Potions J - an uncursed potion of booze Rings N - an uncursed ring of protection from shape changers Wands c - an uncursed wand of make invisible (0:6) h - an uncursed wand of polymorph (0:7) s - an uncursed wand of striking (0:6) B - an uncursed wand of sleep (0:6) C - an uncursed wand of opening (0:4) I - an uncursed wand of slow monster (0:3) K - an uncursed wand of lightning (0:3) Tools b - an uncursed bag of holding k - an uncursed skeleton key l - a blessed magic lamp w - an uncursed magic whistle U - an uncursed wax candle (0:400) Coins $ - 32 gold pieces Contents of the bag of holding: 3 uncursed +0 arrows an uncursed +0 dagger 31 blessed +0 elven arrows 7 uncursed lembas wafers an uncursed sprig of wolfsbane an uncursed tripe ration 2 uncursed scrolls of enchant armor an uncursed scroll of genocide an uncursed scroll of summoning a cursed scroll of summoning an uncursed +0 pick-axe an uncursed +0 pick-axe an uncursed skeleton key an uncursed skeleton key a cursed skeleton key 3 blessed tallow candles (0:200) 2 uncursed tallow candles (0:200) 6 cursed tallow candles (0:200) an uncursed wax candle (0:400) 5 cursed wax candles (0:400) 18 gold pieces Spells and supernatural/magical abilities: Name Level Category Cost Memory W - pray for help -- divine ? -- Your skills at the end: Fighting Skills wands [Basic] Weapon Skills dagger [Basic] bow [Basic] Spellcasting Skills Final Attributes: You were piously aligned. You were immune to sleep. You saw invisible. You had automatic searching. You had infravision. You were stealthy. You were protected. Mars was noncommittal. You are dead. Vanquished creatures: a ghost a large mimic a small mimic a rock mole a shrieker 5 gnome lords 3 gnomish wizards a little dog a kitten 7 dwarves a giant bat 2 acid blobs a hobbit a cave spider 2 brown molds a yellow mold a green mold a red mold 28 gnomes a gnome zombie 3 geckos 8 jackals 8 goblins 6 grid bugs 3 lichens 11 newts 100 creatures vanquished. Voluntary challenges: You had been an atheist until turn 2674. You used a wielded weapon 8 times, starting on turn 3022. You had been a pacifist until turn 3037. You were illiterate. You never genocided any monsters. You never polymorphed an object. You never changed form. You used no wishes. You never split a pudding. You never wrote Elbereth's name. You never violated your personal moral code. Dungeon overview: The Dungeons of Doom: levels 1 to 4 Level 1 some fountains a long staircase Level 2 a general store, a sink stairs to The Gnomish Mines Level 3 a fountain, a vault Level 4 The Gnomish Mines: levels 3 to 7 Level 3 stairs to The Dungeons of Doom Level 4 Level 5 Level 6 <- You were here many shops, a temple to Mercury, some fountains Level 7 History has recorded: On T:1 you entered the Dungeons of Doom to retrieve the Amulet of Yendor! On T:67 you reached level 2 of The Dungeons of Doom. On T:584 you reached level 1 of The Gnomish Mines. On T:639 you reached level 3 of The Dungeons of Doom. On T:1570 you reached level 4 of The Dungeons of Doom. On T:2294 you reached level 2 of The Gnomish Mines. On T:2466 you reached level 3 of The Gnomish Mines. On T:2515 you reached level 4 of The Gnomish Mines. On T:3365 you reached level 5 of The Gnomish Mines. On T:3582 you advanced to experience level 2. Score breakdown: Gold: 50 ( 5808 points) Experience: 2 levels ( 5570 points) Exploration: 7 levels ( 14.00%) (10497 points) Discoveries: 17 items ( 5.76%) ( 7201 points) Valuables value: (no points given unless you survive) Artifact value: 0 ( 0 points) Variety of kills: 26 monsters ( 6.84%) ( 7847 points) Turncount: 3952 turns (-1007 points) Survival: died (score multiplied by 80%) Total score: 28732 Latest messages: You write in the dust with your fingers. The engraving on the floor vanishes! You write in the dust with a runed wand. The runed wand glows, then fades. Nowhere else around here can be automatically explored. Where do you want to travel to? You stop travelling. The invisible rabid rat's body turns transparent! It must be a wand of make invisible. The invisible rabid rat misses. You hit the invisible rabid rat. The invisible rabid rat bites! You hit the invisible rabid rat! The invisible rabid rat bites! The invisible rabid rat's bite was poisoned! Elf is about to die. You die... Final status: Goodbye Rankii the Ranger, killed by an invisible rabid rat... You died in The Gnomish Mines on dungeon level 6 with 28732 points, and 50 pieces of gold, after 3952 moves. You were level 2 with a maximum of 18 hit points when you died.